 Dungeon Crawl Stone Soup version 0.19-a0-975-gfff5315 (webtiles) character file.

40 inmateoo the Skirmisher (level 3, 0/33 HPs)
             Began as a Minotaur Arcane Marksman on July 13, 2016.
             Succumbed to an adder's poison
             ... on level 2 of the Dungeon.
             The game lasted 00:01:07 (992 turns).

inmateoo the Skirmisher (Minotaur Arcane Marksman)   Turns: 992, Time: 00:01:07

Health: 0/33       AC:  3    Str: 15 (16) XL:     3   Next: 30%
Magic:  3/3        EV: 11    Int:  8 (10) God:
Gold:   53         SH:  0    Dex:  6 (9)  Spells: 1 memorised, 3 levels left

rFire  . . .     SeeInvis .     g - +0 dagger
rCold  . . .     Gourm    .     m - +0 leather armour
rNeg   . . .     Faith    .     (no shield)
rPois  .         Spirit   .     (helmet restricted)
rElec  .         Dismiss  .     (no cloak)
rCorr  .         Reflect  .     (no gloves)
SustAt .         Harm     .     (no boots)
MR     .....                    (no amulet)
Stlth  +.........               (no ring)
                                (no ring)

@: lethally poisoned (0 -> -12), not resistant to hostile enchantments, very
unstealthy
A: retaliatory headbutt, horns 2
a: no special abilities


You were on level 2 of the Dungeon.
You were not hungry.

You visited 1 branch of the dungeon, and saw 2 of its levels.

You collected 53 gold pieces.

Inventory:

Hand Weapons
 g - a +0 dagger (weapon)
Missiles
 c - 4 javelins (quivered)
Armour
 m - a +0 leather armour (worn)
Scrolls
 e - a scroll of immolation {unknown}
 h - 2 scrolls of remove curse {unknown}
 i - a scroll of enchant armour {unknown}
 j - a scroll of magic mapping {unknown}
 l - a scroll of random uselessness {unknown}
 p - a scroll of identify {unknown}
 q - a scroll of enchant weapon {unknown}
 r - a scroll of teleportation {unknown}
Potions
 k - 2 potions of degeneration
Books
 b - a book of Debilitation

   Spells                             Type                      Level
   a - Corona                         Hexes                        1
   b - Slow                           Hexes                        2
   c - Gell's Gravitas                Hexes/Translocation          3
   d - Inner Flame                    Hexes/Fire                   3
   e - Cause Fear                     Hexes                        4
   f - Leda's Liquefaction            Hexes/Earth                  4
Comestibles
 a - a beef jerky
 f - a bread ration
 o - a meat ration


   Skills:
 + Level 4.0 Fighting
 - Level 2.0 Throwing
 - Level 2.1 Dodging
 - Level 1.0 Spellcasting
 - Level 2.0 Hexes


You had 3 spell levels left.
You knew the following spells:

 Your Spells              Type           Power        Failure   Level  Hunger
a - Corona                Hex            #......      24%         1    ##.....


Dungeon Overview and Level Annotations

Branches:
Dungeon (2/15)

Altars:


Innate Abilities, Weirdness & Mutations

You reflexively headbutt those who attack you in melee.
You have a pair of horns on your head.


Message History

There was something very wrong with that liquid.
You feel weakened.
You feel dopey.
You feel clumsy.
* * * LOW HITPOINT WARNING * * *
You feel sick.
Unknown command.
It was a potion of magic.
Magic courses through your body.
* * * LOW HITPOINT WARNING * * *
You feel sick.
* * * LOW HITPOINT WARNING * * *
You feel sick.
Things that are here:
a javelin; a throwing net; an adder corpse
* * * LOW HITPOINT WARNING * * *
You feel sick.
There is a stone staircase leading up, spattered with blood here.
* * * LOW HITPOINT WARNING * * *
You feel sick.
* * * LOW HITPOINT WARNING * * *
You feel sick.
You die...

################
.......(........
########<.....#
#.####.# #.# #@#
#.# #.# #.# #.#
#.# ... ...


There were no monsters in sight!

Vanquished Creatures
  2 adders
  A giant cockroach (D:1)
  2 goblins (D:1)
  4 hobgoblins (D:1)
  3 kobolds (D:1)
  2 bats (D:1)
  3 giant newts (D:1)
  7 rats (D:1)
24 creatures vanquished.

Notes
Turn   | Place    | Note
-------+----------+-------------------------------------------
     0 | D:1      | inmateoo the Minotaur Arcane Marksman began the quest for the Orb.
     0 | D:1      | Reached XP level 1. HP: 16/16 MP: 1/1
    38 | D:1      | Reached skill level 2 in Fighting
   119 | D:1      | Reached XP level 2. HP: 21/25 MP: 2/2
   514 | D:1      | Reached skill level 3 in Fighting
   942 | D:1      | Reached XP level 3. HP: 30/33 MP: 3/3
   985 | D:2      | Reached skill level 4 in Fighting
   991 | D:2      | HP: 1/33 [poisoned by an adder]
   992 | D:2      | Succumbed to an adder's poison

Vault maps used:
D:1:      minmay_arrival_three_doors
D:2:      grunt_temple_overflow_open, first_bread

Skill      XL: |  1  2  3 |
---------------+----------+-----
Fighting       | 2 3 4 |  4.0
Throwing       | |  2.0
Dodging        | |  2.1
Spellcasting   | |  1.0
Hexes          | |  2.0

Action                   || total
-------------------------++-------
Melee: Unarmed           ||    14
       Dagger            ||    69
       Headbutt          ||    12
Throw: Throwing net      ||     3
       Javelin           ||     1
  Use: Potion            ||     2
 Stab: Held in net/web   ||     1
Armor: Robe              ||     2
       Leather armour    ||    18
Dodge: Dodged            ||    59
